 Dungeon Crawl Stone Soup version 0.30-a0-760-g5a9884bb7c (webtiles) character file.

Game seed: 4931672606601612018

98 bmack86 the Covered (level 4, -3/40 HPs)
             Began as a Minotaur Fighter on Feb 12, 2023.
             Slain by Grinder (4 damage)
             ... while paralysed by Grinder
             ... on level 3 of the Dungeon.
             The game lasted 00:04:42 (1800 turns).

bmack86 the Covered (Minotaur Fighter)              Turns: 1800, Time: 00:04:42

Health: -3/40      AC:  9    Str: 23    XL:     4   Next: 44%
Magic:  3/3        EV:  2    Int:  5    God:
Gold:   144        SH:  0    Dex:  9    Spells: 3/3 levels left

rFire   . . .      SeeInvis .    a - +0 war axe
rCold   . . .      Faith    .    c - +0 buckler
rNeg    . . .      Spirit   .    b - +0 scale mail
rPois   .          Reflect  .    (helmet restricted)
rElec   .          Harm     .    (no cloak)
rCorr   .          Rampage  .    (no gloves)
Will    .....                    f - +1 pair of boots Stlth
                                 (no amulet)
HPRegen 0.26/turn                (no ring)
MPRegen 0.08/turn                (no ring)

@: paralysed, mighty
A: horns 2, retaliatory headbutt
a: no special abilities


You were on level 3 of the Dungeon.
You visited 1 branch of the dungeon, and saw 3 of its levels.

You collected 144 gold pieces.

Inventory:

Hand Weapons
 a - a +0 war axe (weapon)
Armour
 b - a +0 scale mail (worn)
 c - a +0 buckler (worn)
 f - a +1 pair of boots (worn)
Jewellery
 g - a ring of ice
Scrolls
 i - 3 scrolls of vulnerability {unknown}
Potions
 e - a potion of flight {unknown}
 h - 2 potions of lignification
 j - a potion of haste {unknown}
 k - a potion of magic {unknown}
 l - 4 potions of curing
 m - a potion of heal wounds {unknown}


   Skills:
 + Level 4.3 Fighting
 * Level 4.0 Axes
 + Level 4.3 Armour
 + Level 4.2 Shields


You had 3 spell levels left.
You didn't know any spells.
Your spell library was empty.

Dungeon Overview and Level Annotations

Branches:
Dungeon (3/15)

Altars:
Gozag

Portals:
Sewer: D:3

Annotations:
D:3 Grinder


Innate Abilities, Weirdness & Mutations

You have a pair of horns on your head.
You reflexively headbutt those who attack you in melee.


Message History

You slash the ball python!
You kill the ball python!
You hit the rat. You slash the ball python!
You kill the ball python!
You slash the rat!
You kill the rat!
The rat barely misses you. The rat bites you but does no damage.
Grinder gestures at you. You resist with significant effort.
You closely miss Grinder. You slash the rat!
You kill the rat!
Grinder gestures at you.
You barely resist. You barely miss Grinder. Grinder hits you.
You writhe in agony.
You barely miss Grinder. Grinder hits you.
Grinder blinks!
Grinder gestures at you. Pain shoots through your body!
* * * LOW HITPOINT WARNING * * *
You slash Grinder! You headbutt Grinder!
Grinder is heavily wounded.
Grinder hits you but does no damage.
You slash Grinder!
Grinder is severely wounded.
Grinder hits you but does no damage.
You hit Grinder.
Grinder is almost dead.
Grinder gestures at you.
You barely resist. Grinder barely misses you.
You closely miss Grinder.
Grinder is almost dead.
Grinder gestures at you.
You suddenly lose the ability to move!
Grinder hits you.
* * * LOW HITPOINT WARNING * * *
Grinder hits you.
* * * LOW HITPOINT WARNING * * *
Grinder hits you.
* * * LOW HITPOINT WARNING * * *
Grinder hits you.
You die...

####.......)...
#......~~~..?.#
#.....~~~~~...#
#.....~~∩~~..#
#.....~~~~~..#
#......~~~...#
##+.....5†..#
#.......@...#######
#..####.....†......#
#.#...######.#
#.#...# #.# #.#...#
#.# #.#...# #.#
#.#...# #.# #+#####
#.# #.#


You could see Grinder.

Vanquished Creatures
  2 adders (D:2)
  A river rat (D:3)
  3 worms (D:2)
  2 dart slugs
  7 ball pythons
  5 bats
  2 endoplasms
  2 giant cockroaches (D:1)
  7 goblins
  5 hobgoblins
  7 jackals
  3 kobolds
  A quokka (D:2)
  2 frilled lizards (D:1)
  8 rats
57 creatures vanquished.

Notes
Turn   | Place    | Note
-------+----------+-------------------------------------------
     0 | D:1      | bmack86 the Minotaur Fighter began the quest for the Orb.
     0 | D:1      | Reached XP level 1. HP: 19/19 MP: 0/0
   148 | D:1      | Reached XP level 2. HP: 23/27 MP: 1/1
   676 | D:1      | Reached XP level 3. HP: 33/33 MP: 2/2
  1193 | D:2      | Identified the +1 leather armour of the Bells {rN+ rCorr
                  | Dex+4}
  1374 | D:2      | Reached XP level 4. HP: 40/40 MP: 3/3
  1679 | D:3      | Found a faded altar of an unknown god.
  1723 | D:3      | Found an opulent altar of Gozag.
  1772 | D:3      | Found a glowing drain.
  1778 | D:3      | Noticed Grinder
  1796 | D:3      | Paralysed by Grinder for 5 turns
  1798 | D:3      | HP: 2/40 [Grinder (6)]
  1800 | D:3      | Slain by Grinder

Illustrated notes

Levels and vault maps discovered:
D:1:      minmay_arrival_loop, layout_loops_ring, chequers_jeans
D:2:      layout_basic, chequers_serial_rivers_room_a
D:3:      layout_basic, nicolae_gozag_seed_capital,
          mainiacjoe_overflow_alcove_4, dreamdust_ecumenical_altar_grove,
          portal_sewer_entry_a, uniq_robin, uniq_sigmund, uniq_grinder

Skill      XL: |  1  2  3  4 |
---------------+-------------+-----
Axes           | 3 4 |  4.0
Fighting       | 4 |  4.3
Armour         | 4 |  4.3
Shields        | 4 |  4.2

Action                     |  1- 3 |  4- 6 || total
---------------------------+-------+-------++-------
  Melee: War axe           |    79 |    22 ||   101
         Headbutt          |     8 |     3 ||    11
    Use: Scroll            |     1 |     2 ||     3
         Potion            |       |     1 ||     1
 Armour: Scale mail        |    47 |    10 ||    57
  Dodge: Dodged            |    50 |     6 ||    56
  Block: Buckler           |    23 |     2 ||    25

Table legend: (Time is in decaauts)
 A = Elapsed time spent in this place.
 B = Non-inter-level travel time spent in this place.
 C = Inter-level travel time spent in this place.
 D = Time resting spent in this place.
 E = Time spent auto-exploring this place.
 F = Levels seen in this place.
 G = Mean time per level.
                   A        B        C        D        E       F      G
               +--------+--------+--------+--------+--------+-----+--------+
         Total |   1837 |   1802 |     35 |      0 |   1177 |   3 |  612.3 |
       Dungeon |   1837 |   1802 |     35 |      0 |   1177 |   3 |  612.3 |
               +--------+--------+--------+--------+--------+-----+--------+

Top non-repeatable levels by time:
     D:2: 904 daAuts
     D:1: 805 daAuts
     D:3: 128 daAuts
